 Dungeon Crawl Stone Soup version 0.29-a0-25-g7f48f510a0 (webtiles) character file.

Game seed: 14443554000840314850

2227 Feqbf the Covert (level 9, -5/39 HPs)
             Began as a Spriggan Enchanter on Jan 31, 2022.
             Was an Initiate of Dithmenos.
             Killed from afar by a white imp (13 damage)
             ... with a puff of frost
             ... on level 6 of the Dungeon.
             The game lasted 00:17:57 (9672 turns).

Feqbf the Covert (Spriggan Enchanter)               Turns: 9672, Time: 00:17:57

Health: -5/39      AC:  2    Str:  8    XL:     9   Next: 14%
Magic:  15/23      EV: 19    Int: 16    God:    Dithmenos [......]
Gold:   296        SH:  0    Dex: 28    Spells: 15/26 levels left

rFire   . . .      SeeInvis +   a - +2 dagger
rCold   . . .      Faith    .   (no shield)
rNeg    . . .      Spirit   .   b - +0 robe
rPois   .          Reflect  .   (helmet restricted)
rElec   .          Harm     .   (no cloak)
rCorr   .          Rampage  .   (gloves unavailable)
Will    +....                   (boots unavailable)
Stlth   +++++.....              k - amulet of magic regeneration
HPRegen 0.13/turn               f - +6 ring of dexterity
MPRegen 0.58/turn               o - +6 ring of dexterity

@: confusing by touch, very quick
A: very small, no large weapons, unfitting armour, see invisible, speed 3
a: Renounce Religion


You were on level 6 of the Dungeon.
You worshipped Dithmenos.
Dithmenos was noncommittal.
You visited 2 branches of the dungeon, and saw 7 of its levels.
You also visited: Sewer.

You collected 304 gold pieces.
You spent 8 gold pieces at shops.

Inventory:

Hand Weapons
 a - a +2 dagger (weapon)
Missiles
 h - 3 throwing nets (quivered)
 n - 3 poisoned darts
Armour
 b - a +0 robe (worn)
Jewellery
 f - a +6 ring of dexterity (left hand)
 k - an amulet of magic regeneration (around neck)
 o - a +6 ring of dexterity (right hand)
Wands
 q - a wand of mindburst (23)
Scrolls
 i - 2 scrolls of magic mapping
 j - a scroll of amnesia
 m - 3 scrolls of teleportation
 p - 5 scrolls of identify
Potions
 c - 2 potions of invisibility
 d - a potion of brilliance
 e - 3 potions of might
 g - a potion of ambrosia
 l - 4 potions of curing


   Skills:
 + Level 0.0 Fighting
 + Level 1.1 Short Blades
 + Level 2.7 Dodging
 + Level 10.9 Stealth
 + Level 9.1 Spellcasting
 + Level 9.5 Hexes


You had 15 spell levels left.
You knew the following spells:

 Your Spells              Type           Power      Damage    Failure   Level
a - Ensorcelled Hibernat  Hex/Ice        44%        N/A       2%          2
b - Tukima's Dance        Hex            37%        N/A       1%          3
c - Dazzling Flash        Conj/Hex       44%        N/A       4%          3
d - Confusing Touch       Hex            37%        N/A       1%          3

Your spell library contained the following spells:

 Spells                   Type           Power      Damage    Failure   Level
 Sublimation of Blood     Necr           7%         N/A       16%         2
 Silence                  Hex/Air        11%        N/A       36%         5
 Petrify                  Tmut/Erth      7%         N/A       69%         4
 Agony                    Necr           7%         N/A       95%         5
 Irradiate                Conj/Tmut      3%         3d14      95%         5


Dungeon Overview and Level Annotations

Branches:
Dungeon (6/15)             Temple (1/1) D:5           Sewer (visited)

Altars:
Ashenzari
Cheibriados
Dithmenos
Elyvilon
Fedhas
Gozag
Hepliaklqana
Nemelex Xobeh
Qazlal
Ru
Sif Muna
Uskayaw
Vehumet
Wu Jian
Xom
Yredelemnul
The Shining One

Shops:
D:5 *   D:6 (

Annotations:
D:5 3 runed translucent doors, brandma555's ghost, amateur SpEn


Innate Abilities, Weirdness & Mutations

You are very small and have problems with some larger weapons.
You are too small for most types of armour.
You have supernaturally acute eyesight. (SInv)
You cover ground extremely quickly. (Speed+++)


Message History

Casting: Ensorcelled Hibernation (safe; 2% risk of failure)
Confirm with . or Enter, or press ? or * to list all spells.
Aiming: Ensorcelled Hibernation (safe; 2% risk of failure)
Press: ? - help, Shift-Dir - straight line, f/p - electric eel
Aim: an electric eel (chance to affect: 63%)
The electric eel resists with significant effort.
The white imp gestures at you. The puff of frost misses you.
Unknown command.
Casting: Ensorcelled Hibernation (safe; 2% risk of failure)
Confirm with . or Enter, or press ? or * to list all spells.
Aiming: Ensorcelled Hibernation (safe; 2% risk of failure)
Press: ? - help, Shift-Dir - straight line, f/p - electric eel
Aim: an electric eel (chance to affect: 63%)
The electric eel resists with significant effort.
The electric eel shoots out a bolt of lightning at you!
The bolt of electricity hits you! The white imp gestures at you.
The puff of frost hits you!
Casting: Ensorcelled Hibernation (safe; 2% risk of failure)
Confirm with . or Enter, or press ? or * to list all spells.
Aiming: Ensorcelled Hibernation (safe; 2% risk of failure)
Press: ? - help, Shift-Dir - straight line, f/p - electric eel
Aim: an electric eel (chance to affect: 63%)
The electric eel looks drowsy...
The white imp gestures at you. The puff of frost hits you!
* * * LOW HITPOINT WARNING * * *
The helpless electric eel fails to defend itself.
You skewer the electric eel like a kebab!!!
You kill the electric eel!
Dithmenos accepts your kill. The white imp gestures at you.
The puff of frost misses you.
Casting: Ensorcelled Hibernation (safe; 2% risk of failure)
Confirm with . or Enter, or press ? or * to list all spells.
Your hands begin to glow red.
The white imp gestures at you. The puff of frost hits you!
You die...

≈≈≈...#..PP♣PPPP≈♣ .
∩≈≈......P♣≈PPPPP♣≈P≈.#
.≈≈.##...P≈≈..≈P.≈≈P.. #
.≈.## .P≈≈≈PP.##.≈≈≈....
..## ..P♣≈P#.# .≈PP...
..# P≈P≈PP#.## ≈≈♣P...
..## PPP≈..#..##≈≈≈≈...
...###P≈≈P≈.....#≈P≈.#
......≈PP≈...#..@#≈P.#
###....#...####.5...##.
#.....##.#####........#
##..#..##.........####.#
#..##......###...## #
...##......####.## .#
.......###......# #.#
.####.##........## #..#
...##.......###..####..#


You could see a white imp.

Vanquished Creatures
  Prince Ribbit (D:5)
  Grinder (D:5)
  Eustachio (D:5)
  A yak (D:5)
  2 ogres
  8 scorpions
  2 howler monkeys
  An electric eel (D:6)
  A bullfrog zombie (D:5)
  3 hounds
  A jelly (D:5)
  A centaur skeleton (D:6)
  A bullfrog skeleton (D:4)
  A scorpion zombie (D:5)
  3 iguanas (D:5)
  An orc wizard (D:4)
  15 adders
  8 gnolls
  A howler monkey skeleton (D:5)
  A river rat (Sewer)
  2 ufetubi
  3 adder skeletons (D:4)
  5 worms
  2 dart slugs (D:1)
  11 orcs
  7 endoplasms
  2 giant cockroaches
  8 goblins
  3 hobgoblins
  4 jackals (D:3)
  7 quokkas
  11 ball pythons
  13 bats
  10 frilled lizards
  2 kobolds
  10 rats
154 creatures vanquished.

Vanquished Creatures (collateral kills)
  Blork the orc (D:5)
  2 gnolls (D:4)
3 creatures vanquished.

Vanquished Creatures (others)
  2 dancing weapons (D:2)
  20 fungi
  7 plants
29 creatures vanquished.

Grand Total: 186 creatures vanquished

Notes
Turn   | Place    | Note
-------+----------+-------------------------------------------
     0 | D:1      | Feqbf the Spriggan Enchanter began the quest for the Orb.
     0 | D:1      | Reached XP level 1. HP: 9/9 MP: 5/5
   237 | D:1      | Reached XP level 2. HP: 12/13 MP: 7/7
   268 | D:1      | Learned a level 2 spell: Ensorcelled Hibernation
  1384 | D:2      | Reached XP level 3. HP: 11/16 MP: 3/9
  1388 | D:2      | Learned a level 3 spell: Tukima's Dance
  1576 | D:1      | Learned a level 3 spell: Dazzling Flash
  2191 | D:2      | Reached XP level 4. HP: 16/21 MP: 8/11
  2344 | D:2      | Reached skill level 5 in Hexes
  2361 | D:2      | Learned a level 3 spell: Confusing Touch
  2854 | D:2      | Found a faded altar of an unknown god.
  2942 | D:3      | Found a sparkling altar of Nemelex Xobeh.
  3450 | D:3      | Reached XP level 5. HP: 10/24 MP: 1/13
  3513 | D:3      | Reached skill level 5 in Spellcasting
  3539 | D:3      | Found a glowing drain.
  3547 | Sewer    | Entered a sewer
  4331 | D:3      | Found a radiant altar of Vehumet.
  4391 | D:3      | Reached skill level 5 in Stealth
  4830 | D:4      | Reached XP level 6. HP: 11/28 MP: 2/15
  5293 | D:4      | Reached skill level 6 in Stealth
  5306 | D:4      | Reached XP level 7. HP: 16/32 MP: 7/17
  5340 | D:4      | Reached skill level 7 in Stealth
  5677 | D:4      | Found a basalt altar of Yredelemnul.
  5836 | D:4      | Found a hazy altar of Hepliaklqana.
  5837 | D:4      | Found a shimmering altar of Xom.
  5838 | D:4      | Noticed a spectral ugly thing
  6149 | D:4      | Found a white marble altar of Elyvilon.
  6232 | D:5      | Entered Level 5 of the Dungeon
  6247 | D:5      | Noticed Eustachio
  6766 | D:5      | Killed Eustachio
  6767 | D:5      | Reached skill level 8 in Stealth
  6767 | D:5      | Reached XP level 8. HP: 14/36 MP: 14/20
  6976 | D:5      | Found Wipsat's CLEARANCE SALE!.
  6991 | D:5      | Bought a scroll of identify for 8 gold pieces
  7085 | D:5      | Noticed brandma555's ghost (amateur SpEn)
  7273 | D:5      | Found a staircase to the Ecumenical Temple.
  7277 | D:5      | Noticed Prince Ribbit
  7293 | Temple   | Entered the Ecumenical Temple
  8167 | D:5      | Killed Prince Ribbit
  8168 | D:5      | Reached skill level 9 in Stealth
  8535 | D:5      | Noticed Grinder
  8545 | D:5      | Killed Grinder
  8744 | D:5      | Reached skill level 10 in Stealth
  8973 | D:5      | Found a runed translucent gate.
  8973 | D:5      | Found a runed translucent gate.
  8973 | D:5      | Found a runed translucent gate.
  9077 | D:5      | Noticed Blork the orc
  9087 | D:5      | Killed Blork the orc
  9106 | D:5      | Found an opulent altar of Gozag.
  9194 | D:5      | Reached XP level 9. HP: 39/39 MP: 20/23
  9289 | D:6      | Found a shadowy altar of Dithmenos.
  9296 | D:6      | Became a worshipper of Dithmenos the Shadowed
  9394 | D:6      | Found Pagaiqor's Weapon Shoppe.
  9593 | D:6      | Identified the +9 mace "Komn" {freeze, rPois MP+9 Str-5}
  9672 | D:6      | Killed from afar by a white imp

Illustrated notes

Levels and vault maps discovered:
D:1:      minmay_arrival_loop, layout_loops_ring,
          minmay_misc_feat_secret_circle, roderic_three_in_a_row
D:2:      layout_basic, shapermc_ecumenical_altar_mp_urbaneastern
D:3:      layout_loops_cross, lemuel_coloured_pillars_altar,
          mainiacjoe_overflow_paths, lightli_sewer_entry_pipes
D:4:      old_forge, layout_basic, regret_index_temple_of_mockery,
          kennysheep_ying_yang
D:5:      minmay_spotlight, layout_loops_ring, grunt_gozag_breadcrumbs,
          minmay_temple_entry_nine_rooms, gammafunk_ghost_icy,
          nicolae_shop_clearance, uniq_blork_the_orc, uniq_prince_ribbit1,
          uniq_grinder, uniq_eustachio
D:6:      layout_layer_cave, makhleb_altar_promises_db,
          nicolae_dithmenos_through_a_glass_darkly, serial_shops,
          nicolae_shop_waterfront, serial_bayou, serial_bayou_pond_e,
          serial_bayou_lagoon_a, serial_bayou_shore_a, serial_bayou_pond_c,
          lemuel_old_faithful
Temple:   compressed_dpeg_triangle_lava_temple

Skill      XL: |  1  2  3  4  5  6  7  8 |
---------------+-------------------------+-----
Spellcasting   | 3 4 5 6 7 9 |  9.1
Hexes          | 4 5 6 7 9 |  9.5
Stealth        | 5 6 8 10 | 10.9
Short Blades   | |  1.1
Dodging        | |  2.7

Action                   |  1- 3 |  4- 6 |  7- 9 || total
-------------------------+-------+-------+-------++-------
Melee: Dagger            |    84 |   220 |   167 ||   471
       Punch             |       |     3 |     2 ||     5
 Cast: Ensorcelled Hiber |    15 |    29 |    58 ||   102
       Tukima's Dance    |     3 |     2 |     1 ||     6
       Confusing Touch   |       |     3 |    13 ||    16
  Use: Scroll            |     1 |     8 |     3 ||    12
       Potion            |       |     4 |       ||     4
 Stab: Sleeping          |    15 |    34 |    41 ||    90
       Distracted        |     1 |     1 |     2 ||     4
       Confused          |       |     3 |    12 ||    15
       Held in net/web   |       |     1 |       ||     1
Armor: Robe              |     7 |    21 |    18 ||    46
       Skin              |       |     7 |       ||     7
Dodge: Dodged            |    55 |   194 |   186 ||   435

Table legend: (Time is in decaauts)
 A = Elapsed time spent in this place.
 B = Non-inter-level travel time spent in this place.
 C = Inter-level travel time spent in this place.
 D = Time resting spent in this place.
 E = Time spent auto-exploring this place.
 F = Levels seen in this place.
 G = Mean time per level.
                   A        B        C        D        E       F      G
               +--------+--------+--------+--------+--------+-----+--------+
         Total |   7932 |   7830 |    102 |   2281 |   4124 |   8 |  991.5 |
       Dungeon |   6598 |   6507 |     91 |   1629 |   3602 |   6 | 1099.7 |
        Temple |    727 |    716 |     11 |    375 |    334 |   1 |  727.0 |
         Sewer |    607 |    607 |      0 |    277 |    187 |   1 |  607.0 |
               +--------+--------+--------+--------+--------+-----+--------+

Top non-repeatable levels by time:
     D:4: 1595 daAuts
     D:5: 1455 daAuts
     D:1: 1402 daAuts
     D:2: 986 daAuts
     D:3: 838 daAuts
  Temple: 727 daAuts
   Sewer: 607 daAuts
     D:6: 320 daAuts
